 Dungeon Crawl Stone Soup version 0.21.1-1-g345015f (webtiles) character file.

145 diana the Sneak (level 5, -8/73 HPs)
             Began as a Naga Assassin on June 13, 2018.
             Mangled by an ogre
             ... wielding a +0 giant club
              (10 damage)
             ... on level 4 of the Dungeon.
             The game lasted 00:04:32 (3836 turns).

diana the Sneak (Naga Assassin)                     Turns: 3836, Time: 00:04:32

Health: -8/73      AC: 22    Str: 14    XL:     5   Next: 27%
Magic:  5/5        EV:  1    Int: 13    God:
Gold:   151        SH:  0    Dex: 11    Spells: 4/4 levels left

rFire    . . .     SeeInvis +   a - +2 dagger
rCold    . . .     Gourm    .   (no shield)
rNeg     + + +     Faith    .   (armour currently unavailable)
rPois    +         Spirit   .   (helmet currently unavailable)
rElec    .         Reflect  .   (cloak currently unavailable)
rCorr    .         Harm     .   (gloves currently unavailable)
MR       .....     NoTele   +   (no barding)
Stlth    +++.......             (no amulet)
HPRegen  0.22/turn              (no ring)
MPRegen  0.09/turn              m - +3 ring of evasion

@: tree-form
A: large, see invisible, clever 1, clumsy 1, slow metabolism 1, spit poison 1,
AC +1
a: Spit Poison


You were on level 4 of the Dungeon.
You were not hungry.
You were a tree.
You visited 1 branch of the dungeon, and saw 4 of its levels.

You collected 151 gold pieces.

Inventory:

Hand Weapons
 a - a +2 dagger (weapon)
 b - a +0 blowgun
Missiles
 e - 19 poisoned needles
 f - 2 curare-tipped needles
Armour
 c - a +0 robe (melded)
 d - a +0 cloak (melded)
Jewellery
 k - an uncursed ring of stealth {unknown}
 m - a +3 ring of evasion (right branch)
Scrolls
 h - 2 scrolls of remove curse
 i - 4 scrolls of teleportation {unknown}
 j - 2 scrolls of random uselessness {unknown}
 l - a scroll of noise {unknown}
 n - 3 scrolls of identify {unknown}
 o - a scroll of amnesia {unknown}
 r - a scroll of enchant armour {unknown}
Comestibles
 g - a ration
 p - a chunk of flesh


   Skills:
 + Level 3.1 Fighting
 * Level 4.0 Short Blades
 - Level 1.7 Throwing
 - Level 0.7 Dodging
 + Level 7.0 Stealth


You had 4 spell levels left.
You didn't know any spells.

Dungeon Overview and Level Annotations

Branches:
Dungeon (4/15)
 Temple: D:4-7

Altars:

Annotations:
D:3 Toshki's ghost, amateur MiMo


Innate Abilities, Weirdness & Mutations

You cannot wear boots.
((Your serpentine skin is tough. (AC +1)))
You have supernaturally acute eyesight. (SInv)
((Armour fits poorly on your strangely shaped body.))
((Your system is resistant to poisons. (rPois)))
((You cover ground very slowly.))
You have a slow metabolism.
You can spit poison.
Your mind is acute. (Int +2)
You are clumsy. (Dex -2)


Message History

The ogre is heavily wounded.
You barely miss the ogre.
The ogre is heavily wounded.
The ogre hits you with a giant club!!
* * * LOW HITPOINT WARNING * * *
You are too injured to fight recklessly!
You turn into a tree.
Your +0 cloak melds into your body.
Your +0 robe melds into your body.
Your roots penetrate the ground.
The ogre hits you with a giant club.
* * * LOW HITPOINT WARNING * * *
You barely miss the ogre.
The ogre is heavily wounded.
You barely miss the ogre.
The ogre is heavily wounded.
The ogre hits you with a giant club!
* * * LOW HITPOINT WARNING * * *
You hit the ogre.
The ogre is heavily wounded.
The ogre hits you with a giant club!
You die...

#.#####.##.....#
#........#.###.#
#.#........#...#
#.##.#.###.### #
...#<#....#
#######.#### #.#
#.# #♣# #.O.#
###.# ... #.# .#
#


You could see an ogre.

Vanquished Creatures
  A worker ant (D:4)
  4 gnolls (D:1)
  4 adders
  A worm (D:2)
  A dart slug (D:1)
  A leopard gecko (D:2)
  An orc (D:3)
  5 bats
  4 giant cockroaches
  4 goblins
  6 hobgoblins
  4 jackals (D:2)
  2 frilled lizards (D:2)
  A jackal skeleton (D:4)
  A kobold (D:2)
  A rat (D:2)
41 creatures vanquished.

Notes
Turn   | Place    | Note
-------+----------+-------------------------------------------
     0 | D:1      | diana the Naga Assassin began the quest for the Orb.
     0 | D:1      | Reached XP level 1. HP: 19/19 MP: 1/1
    65 | D:1      | Reached skill level 6 in Stealth
   128 | D:1      | Reached XP level 2. HP: 26/26 MP: 2/2
   913 | D:2      | Reached XP level 3. HP: 33/33 MP: 3/3
  1376 | D:1      | Reached XP level 4. HP: 7/40 MP: 4/4
  2417 | D:2      | Gained mutation: You are clumsy. (Dex -2) [potion of mutation]
  2417 | D:2      | Gained mutation: Your mind is acute. (Int +2) [potion of mutation]
  3049 | D:3      | Reached XP level 5. HP: 28/49 MP: 5/5
  3572 | D:3      | Noticed Toshki's ghost (amateur MiMo)
  3622 | D:4      | Reached skill level 7 in Stealth
  3824 | D:4      | Noticed an ogre
  3835 | D:4      | HP: 2/73 [ogre/giant club (17)]
  3836 | D:4      | Mangled by an ogre

Skill      XL: |  1  2  3  4  5 |
---------------+----------------+-----
Stealth        | 6 7 |  7.0
Short Blades   | 3 4 |  4.0
Fighting       | 3 |  3.1
Throwing       | |  1.7
Dodging        | |  0.7

Action                   |  1- 3 |  4- 6 || total
-------------------------+-------+-------++-------
Melee: Dagger            |    69 |   122 ||   191
  Use: Potion            |     1 |     4 ||     5
       Scroll            |       |     2 ||     2
 Stab: Sleeping          |    10 |     4 ||    14
  Eat: Chunk             |       |     3 ||     3
       Ration            |       |     1 ||     1
Armor: Robe              |     9 |    20 ||    29
       Skin              |     2 |       ||     2
Dodge: Dodged            |    28 |    53 ||    81
